 Dungeon Crawl Stone Soup version 0.25.0-1-g7eea58d2a3 (webtiles) character file.

Game seed: 10466970770695606147

(classic levelgen) 84 EnegeticOcto the Sneak (level 4, -4/30 HPs)
             Began as an Octopode Transmuter on June 14, 2020.
             Slain by an orc priest
             ... wielding a +1 morningstar of venom
              (8 damage)
             ... on level 3 of the Dungeon.
             The game lasted 00:03:02 (2432 turns).

EnegeticOcto the Sneak (Octopode Transmuter)        Turns: 2432, Time: 00:03:03

Health: -4/30      AC:  1    Str:  9    XL:     4   Next: 45%
Magic:  7/7        EV: 12    Int: 16    God:
Gold:   118        SH:  3    Dex: 12    Spells: 1/7 levels left

rFire    . . .     SeeInvis .     - Unarmed
rCold    . . .     Gourm    .   g - +0 buckler
rNeg     . . .     Faith    .   (helmet restricted)
rPois    .         Spirit   .   (no amulet)
rElec    .         Reflect  .   (no ring)
rCorr    .         Harm     .   (no ring)
MR       .....                  (no ring)
Stlth    +++.......             (no ring)
HPRegen  0.10/turn              (no ring)
MPRegen  0.10/turn              (no ring)
                                (no ring)
                                (no ring)

@: lethally poisoned (-4 -> -38), appendage (expiring)
A: almost no armour, stealthy swim, amphibious, 8 rings, constrict 8, tentacle
spike 3, camouflage 1, gelatinous body 1
a: End Transformation


You were on level 3 of the Dungeon.
You were not hungry.
One of your tentacles had a temporary spike.
You visited 1 branch of the dungeon, and saw 3 of its levels.

You collected 118 gold pieces.

Inventory:

Missiles
 a - 31 arrows
 c - 102 stones (quivered)
Armour
 g - a +0 buckler (worn)
Scrolls
 b - a scroll of enchant armour {unknown}
 d - a scroll of immolation
 f - a scroll of teleportation {unknown}
Potions
 h - a potion of brilliance
 i - 2 potions of flight
Comestibles
 e - 5 rations


   Skills:
 + Level 2.6 Fighting
 - Level 2.0 Dodging
 + Level 3.3 Stealth
 - Level 3.0 Unarmed Combat
 - Level 2.0 Spellcasting
 + Level 2.7 Transmutations


You had one spell level left.
You knew the following spells:

 Your Spells              Type           Power        Failure   Level  Hunger
a - Beastly Appendage     Tmut           ##....       11%         1    #......
b - Spider Form           Tmut/Pois      #.........   52%         3    ###....
j - Sticks to Snakes      Tmut           ##......     17%         2    ###....

Your spell library contained the following spells:

 Spells                   Type           Power        Failure   Level  Hunger
 Ice Form                 Ice/Tmut       #.......     89%         4    #####..
 Blade Hands              Tmut           ##........   97%         5    ######.


Dungeon Overview and Level Annotations

Branches:
Dungeon (3/15)

Altars:


Innate Abilities, Weirdness & Mutations

You cannot wear most types of armour.
You are very stealthy in the water. (Stealth+)
You are amphibious.
You can wear up to eight rings at the same time.
You can use your tentacles to constrict eight enemies at once.
Your skin changes colour to match your surroundings (Stealth+).
Your rubbery body absorbs attacks. (AC +1, EV +1)
One of your tentacles bears a large vicious spike.


Message History

The slug dart hits you.
You tentacle-slap the dart slug.
The dart slug is heavily wounded.
You constrict the dart slug. The dart slug bites you.
You tentacle-slap the dart slug but do no damage.
The dart slug is severely wounded.
You constrict the dart slug.
You tentacle-slap the dart slug but do no damage.
The dart slug is almost dead.
You constrict the dart slug. The dart slug bites you.
A dart slug is nearby!
You tentacle-slap the dart slug.
You kill the dart slug!
HP restored.
You butcher the dart slug corpse.
i - 2 chunks of flesh Eating one of 2 chunks of flesh.
You eat one of the 2 chunks of flesh.
This raw flesh tastes terrible.
You are feeling hungry.
Eating a chunk of flesh.
You eat the chunk of flesh.
This raw flesh tastes terrible.
You now have 109 gold pieces (gained 10).
You now have 118 gold pieces (gained 9).
e - 5 rations (gained 1)
Found a short sword.
A ball python comes into view.
An orc comes into view. It is wielding a +0 club.
An orc priest and a dart slug come into view.
The orc shouts!
You hear a shout!
An orc comes into view.
An orc comes into view. It is wielding a +0 flail.
A rat comes into view.
A rat is nearby!
The helpless rat fails to defend itself.
You tentacle-slap the rat. Your grab misses the rat.
Your squeeze misses the rat.
The rat is heavily wounded.
The rat barely misses you.
You closely miss the rat. You grab the rat.
The rat is heavily wounded.
You constrict the rat.
You kill the rat!
No target in view!
Found 2 silvery potions.
Found a scroll of identify.
i - 2 silvery potions
k - a scroll of identify {@r1}
As you read the scroll of identify {@r1}, it crumbles to dust.
i - 2 potions of flight
Okay, then.
Found a dagger.
An orc priest comes into view.
It is wielding a +1 morningstar of venom.
The orc priest begins to cast a cantrip, but forgets the words!
Casting: Beastly Appendage (safe; 11% risk of failure)
Confirm with . or Enter, or press ? or * to list all spells.
One of your tentacles grows a vicious spike.
The orc priest hits you with a +1 morningstar of venom!
You are poisoned.
You are too injured to fight recklessly!
You are too injured to fight recklessly!
Okay, then.
You tentacle-slap the orc priest but do no damage.
Your grab misses the orc priest.
Your tentacle spike misses the orc priest.
You feel sick.
The orc priest hits you with a +1 morningstar of venom.
You are more poisoned.
Okay, then.
Really quaff
j - a potion of heal wounds {@q2 !q}?
You feel much better.
You feel sick.
You closely miss the orc priest. Your grab misses the orc priest.
You feel sick.
The orc priest invokes the aid of Beogh against you.
You barely resist. You barely miss the orc priest. You grab the orc priest.
You squeeze the orc priest.
The orc priest is moderately wounded.
Your transformation is almost over.
You constrict the orc priest, but do no damage.
You feel sick.
The orc priest hits you with a +1 morningstar of venom.
You tentacle-slap the orc priest but do no damage.
The orc priest is moderately wounded.
You constrict the orc priest.
You feel sick.
The orc priest casts a cantrip, but nothing happens.
You tentacle-slap the orc priest but do no damage.
You squeeze the orc priest.
The orc priest is heavily wounded.
You constrict the orc priest, but do no damage.
You feel sick.
The orc priest hits you with a +1 morningstar of venom!
* * * LOW HITPOINT WARNING * * *
You are more poisoned.
You tentacle-slap the orc priest.
The orc priest is severely wounded.
You constrict the orc priest.
* * * LOW HITPOINT WARNING * * *
You feel very sick.
The orc priest hits you with a +1 morningstar of venom!
You die...

8. #.# #รท##.#
## #.# #.##.###
## ##.# #.#.....
####. #..#
#.#..... .$..#
#.## #.......
... #.# ###.....
#.#######.#
#.....
#......o..#
##..##
........#####@.#
#..# ###.##..#
#..# #..# ..
..... #..# #..#
# .##..# #..#
#..# .. #...
...# #..# . )..#
#..# #... #...
##.. .##


You could see an orc priest.

Vanquished Creatures
  Natasha (D:3)
  An adder (D:2)
  A worm (D:2)
  A dart slug (D:3)
  4 giant cockroaches
  7 goblins
  6 hobgoblins
  2 jackals (D:2)
  4 bats
  5 frilled lizards
  7 kobolds
  4 rats
43 creatures vanquished.

Notes
Turn   | Place    | Note
-------+----------+-------------------------------------------
     0 | D:1      | EnegeticOcto the Octopode Transmuter began the quest for
                  | the Orb.
     0 | D:1      | Reached XP level 1. HP: 13/13 MP: 3/3
     3 | D:1      | Noticed an electric eel
     3 | D:1      | Noticed an electric eel
   301 | D:1      | Reached skill level 1 in Stealth
   420 | D:1      | Reached XP level 2. HP: 17/18 MP: 5/5
   810 | D:1      | Learned a level 2 spell: Sticks to Snakes
   819 | D:1      | Reached skill level 2 in Stealth
  1128 | D:1      | Reached skill level 2 in Fighting
  1175 | D:1      | Reached XP level 3. HP: 24/24 MP: 6/6
  1712 | D:2      | Found a faded altar of an unknown god.
  1798 | D:2      | Learned a level 3 spell: Spider Form
  1816 | D:3      | Noticed Natasha
  2068 | D:3      | Killed Natasha
  2068 | D:3      | Reached skill level 3 in Stealth
  2068 | D:3      | Reached XP level 4. HP: 11/30 MP: 4/7
  2432 | D:3      | Slain by an orc priest

Illustrated notes

Levels and vault maps discovered:
D:1:      arrival_aquarium_b, layout_loops_corners
D:2:      layout_basic, chequers_ecumenical_altar_twisty, first_ration,
          minmay_hedge_maze
D:3:      layout_loops_ring, grunt_temple_overflow_champion_of_chaos,
          kennysheep_slug_shrine, nicolae_overflow_hidden_temple,
          minmay_diced_spiral, uniq_natasha

Skill      XL: |  1  2  3 |
---------------+----------+-----
Stealth        | 1 2 3 |  3.3
Fighting       | 2 |  2.6
Dodging        | |  2.0
Unarmed Combat | |  3.0
Spellcasting   | |  2.0
Transmutations | |  2.7

Action                   |  1- 3 |  4- 6 || total
-------------------------+-------+-------++-------
Melee: Unarmed           |    92 |    18 ||   110
       Constrict         |    22 |     4 ||    26
       Tentacles         |     8 |     3 ||    11
       Punch             |     2 |       ||     2
       Kick              |     2 |       ||     2
 Cast: Beastly Appendage |     5 |     1 ||     6
  Use: Scroll            |     3 |     1 ||     4
       Potion            |       |     1 ||     1
 Stab: Sleeping          |    15 |     1 ||    16
  Eat: Chunk             |     3 |     2 ||     5
Armor: Skin              |     7 |       ||     7
Dodge: Dodged            |    47 |     7 ||    54
Block: Buckler           |     4 |     2 ||     6
